aen, chaotic male human Rogue ---- --.*| |.f.| ---@--- ----.G.| ......--- .......-- .........| ..))....^- -.-...... ..... --- aen the Cutpurse Experience level: 4 Strength: 16 Dexterity: 18 Constitution: 12 Intelligence: 6 Wisdom: 6 Charisma: 8 Health: 0(33) Energy: 15(15) Def: 3 Gold: 104 Moves: 1310 Dungeon seed: EUKANnD0RpJg3WZY Game ID: aen_1528444316 Your Inventory: Coins $ - 104 gold pieces Weapons a - a +0 short sword (weapon in hand) b - 11 +0 daggers (in quiver) p - 5 +0 darts x - 5 +0 daggers Armor e - an uncursed +1 leather armor (being worn) r - a cursed -3 ring mail y - a cursed +0 dunce cap (being worn) N - an uncursed +0 orcish helm Scrolls k - a blessed scroll of teleportation l - a cursed scroll of punishment s - an uncursed scroll of light Spellbooks m - an uncursed spellbook of turn undead Potions c - an uncursed potion of sickness Rings g - an uncursed ring of free action (on left hand) j - a cursed ring of stealth o - an uncursed +2 ring of increase damage v - an uncursed +1 ring of adornment Tools d - an uncursed lock pick f - an uncursed sack t - an uncursed mirror u - 4 uncursed partly used wax candles (lit) (0:331) w - an uncursed tallow candle (0:200) Gems n - 2 uncursed worthless pieces of yellow glass q - 2 uncursed worthless pieces of yellowish brown glass z - an uncursed worthless piece of violet glass Y - an uncursed worthless piece of orange glass Spells and supernatural/magical abilities: Name Level Category Fail Memory W - pray for help -- divine ? -- Your skills at the end: Fighting Skills Weapon Skills dagger [Basic] short sword [Basic] Spellcasting Skills Final Attributes: You were piously aligned. You were stealthy. You had free action. You are dead. Vanquished creatures: a gnome lord a coyote a large kobold 2 brown molds 5 gnomes a gecko 4 jackals a goblin 2 sewer rats 7 grid bugs 2 lichens 2 kobold zombies 5 newts 34 creatures vanquished. Voluntary challenges: You were an atheist. You used a wielded weapon 25 times, starting on turn 128. You read items or engraved 1 time, starting on turn 641. You never genocided any monsters. You never polymorphed an object. You never changed form. You used no wishes. You never split a pudding. You never wrote Elbereth's name. You never violated your personal moral code. Dungeon overview: The Dungeons of Doom: levels 1 to 3 Level 1 a fountain a long staircase Level 2 Level 3 some fountains stairs to The Gnomish Mines The Gnomish Mines: Level 4 <- You were here stairs to The Dungeons of Doom History has recorded: On T:1 you entered the Dungeons of Doom to retrieve the Amulet of Yendor! On T:173 you reached level 2 of The Dungeons of Doom. On T:767 you reached level 3 of The Dungeons of Doom. On T:941 you advanced to experience level 2. On T:1229 you advanced to experience level 3. On T:1236 you reached level 1 of The Gnomish Mines. On T:1279 you advanced to experience level 4. Score breakdown: Gold: 104 ( 6875 points) Experience: 4 levels ( 9649 points) Exploration: 4 levels ( 8.70%) ( 7745 points) Discoveries: 2 items ( 0.67%) ( 2457 points) Valuables value: (no points given unless you survive) Artifact value: 0 ( 0 points) Variety of kills: 13 monsters ( 3.41%) ( 5541 points) Turncount: 1310 turns ( 0 points) Survival: died (score multiplied by 80%) Total score: 25813 Latest messages: You throw 2 daggers. The 1st dagger hits it. The 2nd dagger hits it. You kill it! Welcome to experience level 4. You are hit by an arrow! b - 3 +0 daggers (in quiver). You see here 5 daggers. (2x) You have a little trouble lifting x - 5 daggers. Your movements are slowed slightly because of your load. You are almost hit by an arrow. You kill the gnome! There are a few objects here. The gnome king shoots 2 arrows! You are hit by the 1st arrow! You are hit by the 2nd arrow! There is a long staircase up here. You see here a red gem. Never mind. The gnome king swings his bow. The gnome king hits! The gnome king swings his bow. The gnome king hits! You die... Final status: Goodbye aen the Rogue, killed by a gnome king... You died in The Gnomish Mines on dungeon level 4 with 25813 points, and 104 pieces of gold, after 1310 moves. You were level 4 with a maximum of 33 hit points when you died.